 Dungeon Crawl Stone Soup version 0.17.1-3-g152610e (webtiles) character file.

115958 MenacingMecha the Fencer (level 16, -6/146 HPs)
             Began as a Minotaur Gladiator on Feb 20, 2016.
             Was the Champion of Okawaru.
             Succumbed to a black mamba's poison
             ... on level 1 of the Snake Pit on Feb 21, 2016.
             The game lasted 02:30:19 (32341 turns).

MenacingMecha the Fencer (Minotaur Gladiator)      Turns: 32341, Time: 02:30:19

Health: -6/146     AC: 31    Str: 26    XL:     16   Next: 19%
Magic:  19/19      EV: 15    Int:  8    God:    Okawaru [******]
Gold:   2818       SH: 15    Dex: 19    Spells: 0 memorised, 15 levels left

rFire  + . .     SeeInvis +     g - +3 long sword of Oschav {flame, Dex+3 SInv}
rCold  . . .     Clarity  .     G - +7 chain mail of Wicem {rF+ rN+}
rNeg   + . .     SustAt   .     i - +0 shield
rPois  x         Gourm    .     p - +2 hat {Int+3}
rElec  .         Spirit   .     h - +0 cloak
rCorr  .         Warding  .     x - +1 pair of gloves
rMut   .         Stasis   .     v - +0 pair of boots
MR     +....                    s - amulet of faith
Stlth  ..........               P - +4 ring of strength
                                N - +4 ring of protection

@: lethally poisoned (-6 -> -315), poison vulnerable, constricted, somewhat
resistant to hostile enchantments, extremely unstealthy
A: retaliatory headbutt, horns 2, wild magic 1
a: Heroism, Finesse, Renounce Religion


You were on level 1 of the Snake Pit.
You worshipped Okawaru.
Okawaru was exalted by your worship.
You were not hungry.

You visited 6 branches of the dungeon, and saw 29 of its levels.
You also visited: Sewer and Ice Cave.

You collected 2818 gold pieces.

Inventory:

Hand Weapons
 g - the +3 long sword of Oschav (weapon) {flame, Dex+3 SInv}
   (Okawaru gifted it to you on level 13 of the Dungeon)

   It has been specially enchanted to burn those struck by it, causing extra
   injury to most foes and up to half again as much damage against particularly
   susceptible opponents.
   Big, fiery blades are also staple armaments of hydra-hunters.
   It affects your dexterity (+3).
   It lets you see invisible.
 l - the +3 double sword of Rotation {venom, +Inv rPois Int-3 Dex+8}
   (You acquired it on level 10 of the Dungeon)

   It poisons the flesh of those it strikes.
   It affects your intelligence (-3).
   It affects your dexterity (+8).
   It protects you from poison.
   It lets you turn invisible.
 o - the +6 morningstar "Muecer" {venom, +Inv Str-2 SInv, unknown}
   (You found it in an ice cave)

   It poisons the flesh of those it strikes.
   It affects your strength (-2).
   It lets you see invisible.
   It lets you turn invisible.
 Y - a +2 scimitar of holy wrath
Missiles
 b - 27 tomahawks (quivered)
 c - 5 tomahawks of dispersal
 d - 4 throwing nets
 E - 3 javelins of returning
 W - 5 steel javelins
Armour
 h - a +0 cloak (worn)
 i - a +0 shield (worn)
 p - a +2 hat of intelligence (worn)
 v - a +0 pair of boots (worn)
 x - a +1 pair of gloves (worn)
 G - the +7 chain mail of Wicem (worn) {rF+ rN+}
   (Okawaru gifted it to you on level 14 of the Dungeon)

   It protects you from fire.
   It protects you from negative energy.
Magical Staves
 e - an uncursed staff of earth
Jewellery
 s - an amulet of faith (around neck)
 w - an uncursed amulet of resist corrosion
 H - an uncursed ring of invisibility {unknown}
 N - a +4 ring of protection (left hand)
 P - a +4 ring of strength (right hand)
 Z - an uncursed amulet of resist mutation
Wands
 a - a wand of lightning (7)
 k - a wand of teleportation (3)
 n - a wand of fire (10)
 q - a wand of digging (8)
 D - a wand of draining (9)
 O - a wand of fireball (12)
 R - a wand of fire (2)
 T - a wand of cold (0)
 V - a wand of teleportation (6)
Scrolls
 f - 17 scrolls of teleportation
 r - a scroll of fear
 z - a scroll of recharging
 B - 5 scrolls of remove curse
 I - 3 scrolls of fog
 L - 21 scrolls of identify
Potions
 j - 10 potions of curing
 m - 5 potions of haste
 t - 2 potions of resistance
 u - 2 potions of might
 U - 3 potions of agility
Miscellaneous
 y - a lamp of fire
 K - a phantom mirror
 M - an ornate deck of changes {Wild Magic}
Comestibles
 A - 4 chunks of flesh
 C - 6 bread rations


   Skills:
 + Level 14.1 Fighting
 - Level 16.0 Long Blades
 * Level 7.6 Throwing
 + Level 12.8 Armour
 + Level 12.7 Dodging
 - Level 15.0 Shields
 - Level 6.0 Invocations
 - Level 6.2 Evocations


You had 15 spell levels left.
You didn't know any spells.

Dungeon Overview and Level Annotations

Branches:
Dungeon (15/15)            Temple (1/1) D:6            Lair (5/8) D:10
  Swamp (4/4) Lair:4        Snake (1/4) Lair:5          Orc (3/4) D:12
    Elf (0/3) Orc:3        Vaults (0/5) D:14         Depths (0/5) D:15

Altars:
Ashenzari
Cheibriados
Dithmenos
Elyvilon
Fedhas
Gozag
Kikubaaqudgha
Makhleb
Nemelex Xobeh
Okawaru
Qazlal
Ru
Sif Muna
Trog
Vehumet
Xom
Yredelemnul
The Shining One
Jiyva

Shops:
Orc:1 [

Annotations:
Lair:2 stash
Swamp:2 unobtained items and gold, flight req.
Swamp:4 incomplete, Lernaean hydra


Innate Abilities, Weirdness & Mutations

You reflexively headbutt those who attack you in melee.
You have a pair of horns on your head.
Your spells are a little harder to cast, but a little more powerful.


Message History

You feel extremely sick. You block the anaconda's attack.
The anaconda constricts you. The black mamba bites you!
* * * LOW HITPOINT WARNING * * *
You are more poisoned.
The black mamba poisons you! The black mamba bites you!
* * * LOW HITPOINT WARNING * * *
You are more poisoned.
The black mamba poisons you! You block the naga ritualist's attack.
The anaconda bites you but does no damage.
The anaconda constricts you.
The black mamba bites you but does no damage.
Evoke which item? (* to show all) (? for menu, Esc to quit)
Okay, then.
Read which item? (? for menu, Esc to quit)
As you read the scroll of fear, it crumbles to dust.
You assume a fearsome visage.
The naga ritualist looks frightened!
The black mamba looks frightened!
The anaconda looks frightened!
The black mamba looks frightened!
You die...

.................................
.................................
.................................
.................................
.................................
.................................
...........)..........##.........
#### #.......SSN# # #......S@#
### ##........# ..# #.........#
..## #........## ### ...#
#........###...... ..##
###..................
...###........................
...............................
...............................


You could see an anaconda (fleeing), a naga ritualist (fleeing) and 2 black
mambas.

Vanquished Creatures
  Gastronok (D:9)
  Frances (Swamp:1)
  Maud (Orc:1)
  An ettin (D:15)
  4 vault guards (D:14)
  Josephine (Swamp:1)
  Erolcha (Orc:1)
  4 centaur warriors
  A naga warrior (Snake:1)
  14 hydras
  A ghost crab (Swamp:3)
  4 anacondas (Snake:1)
  An ogre mage (D:15)
  The ghost of AlfredTheGreat the Archer, a novice MiBe of Trog (D:11)
  A tengu warrior (D:15)
  7 alligators
  2 spriggan druids (Swamp:3)
  6 skeletal warriors
  3 unseen horrors
  A deep troll (D:15)
  2 ice devils (IceCv)
  3 shambling mangroves
  8 swamp dragons
  6 hill giants
  5 ugly things
  The ghost of Gargoyl the Skirmisher, a novice DsAK of Lugonu (D:7)
  An orc sorcerer (D:14)
  An orc knight (D:14)
  2 griffons
  A wizard (D:14)
  2 cyclopes
  2 manticores
  2 oklob plants
  10 black mambas
  A salamander (Snake:1)
  2 naga magi (Snake:1)
  The ghost of Peloso the Shield-Bearer, a novice MiFi of Okawaru (D:4)
  An ice statue (IceCv)
  5 centaur skeletons
  2 gargoyles
  12 spiny frogs
  A guardian serpent (Snake:1)
  A golden dragon simulacrum (IceCv)
  7 komodo dragons
  A redback zombie (D:15)
  A queen bee (D:10)
  3 trolls
  4 anaconda simulacra (IceCv)
  2 freezing wraiths
  A kobold demonologist (D:11)
  A deep elf priest (D:15)
  3 giant leeches
  A two-headed ogre (D:14)
  18 blink frogs
  Grinder (D:4)
  3 polar bears
  Prince Ribbit (D:7)
  6 bog bodies
  9 slime creatures
  A shadow (D:11)
  7 spriggans
  A vampire (D:13)
  21 vampire mosquitoes
  9 hippogriffs
  26 yaks
  3 deep elf magi
  4 wraiths
  A dire elephant simulacrum (IceCv)
  5 hungry ghosts
  A human (D:14)
  A wyvern (D:10)
  3 basilisks
  A hog (shapeshifter) (D:13)
  4 mottled dragons
  2 nagas (Snake:1)
  18 insubstantial wisps
  4 iron troll simulacra (IceCv)
  2 harpy simulacra (IceCv)
  A phantom (D:4)
  28 swamp worms
  13 orc warriors
  5 porcupines
  2 eyes of draining
  15 water moccasins
  4 ice beasts
  10 swamp drakes
  An alligator simulacrum (IceCv)
  15 wasps
  2 necrophages
  A black bear (D:8)
  10 crocodiles
  7 sky beasts
  20 centaurs
  An ettin simulacrum (IceCv)
  5 ogres
  A brain worm (D:14)
  7 big kobolds
  A wyvern zombie (D:12)
  15 giant frogs
  2 scorpions
  A water moccasin skeleton (D:6)
  29 killer bees
  An elephant simulacrum (IceCv)
  7 wights
  2 electric eels (Lair:4)
  5 crimson imps
  8 jellies
  6 centaur zombies
  17 orc priests
  21 orc wizards
  3 giant frog zombies
  7 hounds
  Crazy Yiuf (D:7)
  2 quasits
  4 iguanas
  Jessica (D:2)
  Terence (D:3)
  A polar bear simulacrum (IceCv)
  A spriggan simulacrum (IceCv)
  A statue (D:6)
  15 worker ants
  4 troll simulacra (IceCv)
  2 sheep (D:14)
  5 centaur simulacra (IceCv)
  A worker ant zombie (D:8)
  22 adders
  44 river rats
  2 shadow imps
  2 naga simulacra (IceCv)
  3 ogre simulacra (IceCv)
  14 white imps
  9 ufetubi (IceCv)
  4 oozes
  An adder skeleton (D:8)
  2 adder zombies
  6 worms
  142 orcs
  7 ball pythons
  7 giant cockroaches
  7 hobgoblins
  8 jackals
  40 kobolds
  4 quokkas
  11 bats
  14 giant geckos
  2 giant gecko skeletons
  A giant gecko zombie (D:8)
  9 giant newts
  11 goblins
  A jackal skeleton (D:8)
  A quokka zombie (D:5)
  17 rats
  2 bushes (Lair:3)
  A fungus (Lair:4)
  2 plants
1012 creatures vanquished.

Vanquished Creatures (others)
  An alligator (Swamp:2)
  A wasp (Swamp:3)
  An orc wizard (Orc:1)
  3 white imps (IceCv)
  An ufetubus (IceCv)
  4 fungi (D:10)
11 creatures vanquished.

Grand Total: 1023 creatures vanquished

Notes
Turn   | Place    | Note
--------------------------------------------------------------
     0 | D:1      | MenacingMecha the Minotaur Gladiator began the quest for the Orb.
     0 | D:1      | Reached XP level 1. HP: 18/18 MP: 0/0
   105 | D:1      | Reached skill level 4 in Long Blades
   239 | D:1      | Reached XP level 2. HP: 20/25 MP: 1/1
   851 | D:1      | Reached skill level 5 in Long Blades
  1129 | D:2      | Reached XP level 3. HP: 30/30 MP: 2/2
  1195 | D:2      | Found a blossoming altar of Fedhas.
  1248 | D:2      | Noticed Jessica
  1251 | D:2      | Killed Jessica
  1251 | D:2      | Reached skill level 6 in Long Blades
  1251 | D:2      | Reached XP level 4. HP: 24/37 MP: 3/3
  1375 | D:2      | Found a shattered altar of Ashenzari.
  1569 | D:2      | Found a bloodstained altar of Trog.
  2183 | D:3      | Reached skill level 7 in Long Blades
  2183 | D:3      | Reached XP level 5. HP: 38/42 MP: 4/4
  2224 | D:3      | Noticed Terence
  2229 | D:3      | Killed Terence
  2566 | D:3      | Found a glowing drain.
  2575 | Sewer    | Entered a sewer
  2581 | Sewer    | Reached skill level 8 in Long Blades
  2729 | Sewer    | Reached XP level 6. HP: 50/50 MP: 5/5
  3442 | D:4      | Noticed Peloso's ghost (novice MiFi)
  3528 | D:4      | Reached skill level 9 in Long Blades
  3590 | D:4      | Found a glowing golden altar of the Shining One.
  3600 | D:4      | Found a deep blue altar of Sif Muna.
  3903 | D:4      | Noticed Grinder
  3921 | D:4      | Killed Grinder
  3921 | D:4      | Reached skill level 10 in Long Blades
  3921 | D:4      | Reached XP level 7. HP: 42/56 MP: 6/6
  4120 | D:4      | Found a stormy altar of Qazlal.
  4345 | D:4      | Found a shadowy altar of Dithmenos.
  4658 | D:5      | Entered Level 5 of the Dungeon
  4740 | D:5      | Reached skill level 11 in Long Blades
  5218 | D:5      | Reached XP level 8. HP: 45/62 MP: 7/7
  5887 | D:5      | Reached skill level 12 in Long Blades
  6049 | D:6      | Found a radiant altar of Vehumet.
  6298 | D:6      | Found a staircase to the Ecumenical Temple.
  6320 | D:6      | Reached skill level 13 in Long Blades
  6365 | Temple   | Entered the Ecumenical Temple
  6645 | Temple   | Became a worshipper of Warmaster Okawaru
  7023 | D:6      | Gained mutation: Your natural rate of healing is unusually fast. [potion of mutation]
  7023 | D:6      | Gained mutation: You are weak. (Str -2) [potion of mutation]
  7030 | D:6      | Lost mutation: You are weak. (Str -2) [potion of cure mutation]
  7030 | D:6      | Lost mutation: Your natural rate of healing is unusually fast. [potion of cure mutation]
  7033 | D:6      | Gained mutation: Your spells are a little harder to cast, but a little more powerful. [potion of beneficial mutation]
  7137 | D:7      | Reached XP level 9. HP: 62/68 MP: 8/8
  7176 | D:7      | Found a snail-covered altar of Cheibriados.
  7224 | D:7      | Noticed Prince Ribbit
  7596 | D:7      | Noticed a cyan ugly thing
  7629 | D:7      | Killed Prince Ribbit
  7629 | D:7      | Reached skill level 14 in Long Blades
  7666 | D:7      | Reached skill level 1 in Shields
  7979 | D:8      | Reached * piety under Okawaru
  8196 | D:8      | Reached skill level 1 in Armour
  8482 | D:8      | Reached ** piety under Okawaru
  8565 | D:8      | Reached skill level 5 in Fighting
  8944 | D:9      | Noticed Gastronok
  8966 | D:9      | Killed Gastronok
  8966 | D:9      | Reached *** piety under Okawaru
  8966 | D:9      | Reached skill level 5 in Armour
  8966 | D:9      | Reached skill level 5 in Dodging
  8966 | D:9      | Reached XP level 10. HP: 63/83 MP: 9/9
  9083 | D:9      | Found a viscous altar of Jiyva.
  9095 | D:9      | Reached skill level 5 in Throwing
  9676 | D:10     | Entered Level 10 of the Dungeon
  9733 | D:10     | Found a staircase to the Lair.
  9779 | D:10     | Reached **** piety under Okawaru
  9779 | D:10     | Reached skill level 1 in Evocations
  9988 | D:10     | Reached skill level 1 in Invocations
 10296 | D:10     | Reached XP level 11. HP: 48/92 MP: 11/11
 10803 | D:10     | Found a blossoming altar of Fedhas.
 11312 | D:10     | Killed an unseen horror
 11312 | D:10     | Received a gift from Okawaru
 11507 | D:10     | Identified a scroll of acquirement
 11508 | D:10     | Got an ancient double sword
 11509 | D:10     | Identified the +3 double sword of Rotation {venom, +Inv rPois Int-3 Dex+8} (You acquired it on level 10 of the Dungeon)
 11581 | Lair:1   | Entered Level 1 of the Lair of Beasts
 12331 | Lair:2   | Received a gift from Okawaru
 12418 | Lair:2   | Reached ***** piety under Okawaru
 12418 | Lair:2   | Reached skill level 5 in Invocations
 12506 | Lair:2   | Reached skill level 15 in Long Blades
 12981 | Lair:3   | Found a shattered altar of Ashenzari.
 13324 | Lair:3   | Reached skill level 16 in Long Blades
 13329 | Lair:3   | Received a gift from Okawaru
 13330 | Lair:3   | Got an opalescent robe {god gift}
 13621 | Lair:4   | Identified the +1 robe of Reske {MR+ Str+2 Dex+3} (Okawaru gifted it to you on level 3 of the Lair of Beasts)
 13661 | Lair:4   | Reached XP level 12. HP: 101/103 MP: 15/15
 13907 | Lair:4   | Found a staircase to the Swamp.
 14535 | Lair:4   | Reached ****** piety under Okawaru
 14959 | Lair:4   | Received a gift from Okawaru
 14963 | Lair:4   | Reached skill level 5 in Evocations
 15449 | Lair:5   | Found a staircase to the Snake Pit.
 16204 | Lair:5   | Received a gift from Okawaru
 16539 | D:10     | Reached skill level 5 in Shields
 16745 | D:4      | Killed Peloso's ghost
 16844 | D:6      | Reached skill level 10 in Fighting
 16928 | D:7      | Noticed Crazy Yiuf
 16933 | D:7      | Killed Crazy Yiuf
 17010 | D:7      | Killed a cyan ugly thing
 17010 | D:7      | Received a gift from Okawaru
 17020 | D:7      | Noticed Gargoyl's ghost (novice DsAK)
 17027 | D:7      | Killed Gargoyl's ghost
 17412 | D:10     | Reached XP level 13. HP: 113/113 MP: 16/16
 17619 | D:11     | Noticed AlfredTheGreat's ghost (novice MiBe)
 17628 | D:11     | Killed AlfredTheGreat's ghost
 18982 | D:12     | Received a gift from Okawaru
 19088 | D:12     | Found a staircase to the Orcish Mines.
 19343 | Orc:1    | Entered Level 1 of the Orcish Mines
 19557 | Orc:1    | Found a shimmering altar of Xom.
 19653 | Orc:1    | Found Buiny's Armour Shop.
 19812 | Orc:1    | Noticed Erolcha
 19816 | Orc:1    | Killed Erolcha
 20047 | Orc:2    | Noticed Maud
 20082 | Orc:1    | Killed Maud
 20399 | Orc:1    | Received a gift from Okawaru
 20508 | Orc:3    | Found a staircase to the Elven Halls.
 21503 | D:13     | Received a gift from Okawaru
 21520 | D:13     | Got a polished long sword {god gift}
 21521 | D:13     | Identified the +3 long sword of Oschav {flame, Dex+3 SInv} (Okawaru gifted it to you on level 13 of the Dungeon)
 22265 | D:13     | Reached skill level 10 in Dodging
 22361 | D:14     | Received a gift from Okawaru
 22379 | D:14     | Reached XP level 14. HP: 118/124 MP: 17/17
 22436 | D:14     | Received a gift from Okawaru
 22828 | D:14     | Received a gift from Okawaru
 22835 | D:14     | Received a gift from Okawaru
 22835 | D:14     | Reached skill level 10 in Armour
 22835 | D:14     | Reached skill level 10 in Shields
 22897 | D:14     | Found a gate to the Vaults.
 22947 | D:14     | Received a gift from Okawaru
 23200 | D:15     | Entered Level 15 of the Dungeon
 23217 | D:14     | Received a gift from Okawaru
 23218 | D:14     | Got a garnet-encrusted chain mail {god gift}
 23284 | D:14     | Identified the +7 chain mail of Wicem {rF+ rN+} (Okawaru gifted it to you on level 14 of the Dungeon)
 24091 | D:15     | Found a staircase to the Depths.
 25207 | Swamp:1  | Entered Level 1 of the Swamp
 25297 | Swamp:1  | Noticed Josephine
 25333 | Lair:4   | Received a gift from Okawaru
 25433 | Swamp:1  | Killed Josephine
 25737 | Swamp:1  | Noticed Frances
 25750 | Swamp:1  | Killed Frances
 25986 | Swamp:2  | Reached XP level 15. HP: 134/134 MP: 18/18
 26014 | Swamp:1  | Received a gift from Okawaru
 26543 | Swamp:1  | Received a gift from Okawaru
 27200 | Swamp:2  | Received a gift from Okawaru
 28680 | Swamp:4  | Entered Level 4 of the Swamp
 28991 | Swamp:3  | Received a gift from Okawaru
 29261 | Swamp:4  | Noticed the 27-headed Lernaean hydra
 29646 | Swamp:4  | Received a gift from Okawaru
 29912 | Lair:2   | Received a gift from Okawaru
 30256 | Snake:1  | Entered Level 1 of the Snake Pit
 30310 | Snake:1  | Reached XP level 16. HP: 131/145 MP: 19/19
 30595 | Snake:1  | Found a frozen archway.
 30621 | IceCv    | Entered an ice cave
 31037 | IceCv    | HP: 3/146 [iron troll simulacrum (37)]
 31356 | IceCv    | Reached skill level 15 in Shields
 32017 | IceCv    | Got an ichor-stained morningstar
 32022 | IceCv    | Noticed an Ice Fiend
 32340 | Snake:1  | HP: 4/146 [black mamba (13)]
 32341 | Snake:1  | Succumbed to a black mamba's poison

Action                   |  1- 3 |  4- 6 |  7- 9 | 10-12 | 13-15 | 16-18 || total
-------------------------+-------+-------+-------+-------+-------+-------++-------
Melee: Long sword        |    66 |   209 |   416 |    83 |   104 |   193 ||  1071
       Falchion          |       |       |       |   195 |       |       ||   195
       Scimitar          |       |       |       |    11 |       |       ||    11
       Double sword      |       |       |       |   389 |  1232 |       ||  1621
Throw: Throwing net      |       |       |     3 |       |       |       ||     3
       Javelin           |       |       |       |    84 |    78 |     4 ||   166
       Tomahawk          |       |       |       |       |   102 |    24 ||   126
Invok: Finesse           |       |       |       |       |     3 |     2 ||     5
Evoke: Wand              |       |       |     4 |     7 |     5 |     4 ||    20
  Use: Potion            |       |       |    13 |     3 |     2 |     3 ||    21
       Scroll            |       |       |    11 |    13 |    12 |     3 ||    39
 Stab: Sleeping          |       |       |       |     1 |     3 |       ||     4
  Eat: Chunk             |     1 |     9 |    15 |    19 |    26 |       ||    70
       Beef jerky        |       |       |     2 |     3 |     1 |       ||     6
       Pizza             |       |       |     1 |       |     3 |       ||     4
       Fruit             |       |       |       |     1 |       |       ||     1
       Bread ration      |       |       |       |     2 |       |       ||     2
       Meat ration       |       |       |       |       |     2 |     1 ||     3
